 Dungeon Crawl Stone Soup version 0.29-a0-330-g52719c12eb (webtiles) character file.

Game seed: 5328095191259789053

4743 gruber the Frost Mage (level 10, -11/52 HPs)
             Began as a Gargoyle Ice Elementalist on May 28, 2022.
             Was a Follower of Vehumet.
             Mangled by a shadow (19 damage)
             ... on level 8 of the Dungeon on May 30, 2022.
             The game lasted 00:14:45 (8768 turns).

gruber the Frost Mage (Gargoyle Ice Elementalist)   Turns: 8768, Time: 00:14:47

Health: -11/52     AC: 24    Str: 13    XL:     10   Next: 46%
Magic:  5/16       EV: 10    Int: 19    God:    Vehumet [*.....]
Gold:   645        SH: 10    Dex: 10    Spells: 2/17 levels left

rFire   . . .      SeeInvis .   u - +2 spear (venom)
rCold   . . .      Faith    .   G - +0 buckler
rNeg    + . .      Spirit   .   w - +2 ring mail {Will+}
rPois   ∞          Reflect  +   n - +0 helmet
rElec   +          Harm     .   K - +0 cloak {Will+}
rCorr   .          Rampage  .   i - +0 pair of gloves
Will    +++..                   (no boots)
Stlth   +.........              I - amulet of reflection
HPRegen 0.17/turn               x - ring of Pimeatae {Fly Will+}
MPRegen 0.15/turn               (no ring)

@: ice-armoured, flying
A: sickness immunity, AC +7, negative energy resistance 1, electricity
resistance, torment resistance 1, petrification resistance
a: Renounce Religion


You were on level 8 of the Dungeon.
You worshipped Vehumet.
Vehumet was aware of your devotion.
You visited 2 branches of the dungeon, and saw 10 of its levels.

You collected 645 gold pieces.

Inventory:

Hand Weapons
 l - a +2 short sword of venom
 u - a +2 spear of venom (weapon)
 M - a +6 hand axe of freezing
Missiles
 m - a throwing net
Armour
 i - a +0 pair of gloves (worn)
 n - a +0 helmet (worn)
 w - a +2 ring mail of willpower (worn)
 A - a +1 leather armour of fire resistance
 G - a +0 buckler (worn)
 K - a +0 cloak of willpower (worn)
Jewellery
 e - an amulet of the acrobat
 x - the ring of Pimeatae (left hand) {Fly Will+}
   (You found it on level 4 of the Dungeon)

   [ring of flight]

   Fly:       It grants you flight.
   Will:      It increases your willpower.
 I - an amulet of reflection (around neck)
Wands
 t - a wand of flame (47)
 F - a wand of iceblast (14)
 H - a wand of polymorph (11)
 J - a wand of paralysis (9)
Scrolls
 d - a scroll of noise {unknown}
 f - a scroll of amnesia {unknown}
 g - a scroll of magic mapping {unknown}
 h - 3 scrolls of enchant armour {unknown}
 j - 3 scrolls of fear {unknown}
 k - a scroll of blinking {unknown}
 o - a scroll of summoning {unknown}
 p - 4 scrolls of identify {unknown}
 s - a scroll of fog {unknown}
 v - a scroll of enchant weapon {unknown}
 y - a scroll of teleportation {unknown}
 C - a scroll of vulnerability {unknown}
 L - a scroll of torment {unknown}
Potions
 a - 2 potions of mutation {unknown}
 b - 2 potions of magic
 c - 4 potions of heal wounds
 q - 3 potions of curing
 r - 3 potions of attraction {unknown}
 z - a potion of lignification {unknown}
 B - a potion of invisibility
 D - 3 potions of might {unknown}
 E - 2 potions of ambrosia {unknown}


   Skills:
 * Level 1.4 Fighting
 - Level 6.1 Armour
 - Level 1.5 Dodging
 - Level 2.1 Stealth
 - Level 6.6 Shields
 - Level 4.1 Spellcasting
 - Level 4.1 Summonings
 - Level 11.4 Ice Magic


You had 2 spell levels left.
You knew the following spells:

 Your Spells              Type           Power      Damage    Failure   Level
a - Freeze                Ice            100%       1d11      1%          1
b - Frozen Ramparts       Ice            94%        1d11      1%          3
c - Ozocubu's Armour      Ice            47%        N/A       1%          3
d - Hailstorm             Conj/Ice       25%        3d7       30%         4
e - Summon Ice Beast      Ice/Summ       33%        N/A       13%         4

Your spell library contained the following spells:

 Spells                   Type           Power      Damage    Failure   Level
 Shock                    Conj/Air       12%        1d3       32%         1
 Ensorcelled Hibernation  Hex/Ice        50%        N/A       4%          2
 Beastly Appendage        Tmut           6%         N/A       32%         1
 Magic Dart               Conj           12%        1d3       32%         1
 Sting                    Tmut/Pois      12%        1d3       32%         1
 Passwall                 Tmut/Erth      2%         N/A       45%         2
 Searing Ray              Conj           6%         2d4       45%         2
 Ice Form                 Ice/Tmut       25%        N/A       30%         4
 Swiftness                Air            3%         N/A       69%         3
 Fulminant Prism          Conj/Hex       1%         3d6       97%         4


Dungeon Overview and Level Annotations

Branches:
Dungeon (9/15)             Temple (1/1) D:5            Lair (0/6) D:8
    Orc: D:9-12

Altars:
Cheibriados
Dithmenos
Elyvilon
Fedhas
Gozag
Hepliaklqana
Kikubaaqudgha
Makhleb
Nemelex Xobeh
Okawaru
Qazlal
Ru
Sif Muna
Trog
Uskayaw
Vehumet
Wu Jian
Xom
Yredelemnul
Zin
The Shining One

Shops:
D:1 (   D:5 !   D:7 [

Annotations:
D:9 Erica, Erolcha


Innate Abilities, Weirdness & Mutations

You are immune to sickness and miasma.
Your stone body is resilient. (AC +7)
You are immune to poison.
You resist negative energy. (rN+)
You are resistant to electric shocks. (rElec)
You are resistant to unholy torment.
You are immune to petrification.


Message History

Unknown command.
You closely miss the shadow. The shadow hits you.
Casting: Summon Ice Beast (quite dangerous; 13% risk of failure)
Confirm with . or Enter, or press ? or * to list all spells.
A film of ice covers your body!
The shadow slips into darkness.
The shadow flickers and vanishes!
Deactivating autopickup; reactivate with Ctrl-A.
Unknown command.
Unknown command.
Unknown command.
You hit something.
The shadow strikes at you from the darkness!
Ouch! That really hurt!
* * * LOW HITPOINT WARNING * * *
Reactivating autopickup.
Your ice beast hits the shadow but does no damage.
You hit the shadow but do no damage.
The shadow is lightly damaged.
The shadow barely misses you.
Your ice beast hits the shadow but does no damage.
You hit the shadow but do no damage.
The shadow is lightly damaged.
The shadow closely misses you.
Your ice beast hits the shadow but does no damage.
You closely miss the shadow.
The shadow is lightly damaged.
The shadow hits you.
Your ice beast hits the shadow but does no damage.
You hit the shadow but do no damage.
The shadow is lightly damaged.
You block the shadow's attack.
Your ice beast hits the shadow but does no damage.
You closely miss the shadow.
The shadow is lightly damaged.
The shadow slips into darkness.
The shadow flickers and vanishes!
Deactivating autopickup; reactivate with Ctrl-A.
The shadow strikes at you from the darkness!
You die...

........# #.....# ##.#
.....#### #######...## #..#
.....# ###...# ##.## ##.##
.....####...### #...# #..#
..........### ##.## ##.##
.....###### #..# #..#
.......# ######.######.##
.......#####....Y{.......#
....<........#..@#########
..#########....###
...########.####
............# ....#########
########### ....###
#.........#
......###########.........#
....#.....................#
........#########.........#


You could see a friendly ice beast (summoned).

Vanquished Creatures
  A two-headed ogre (D:6)
  Maurice (D:8)
  Grinder (D:3)
  4 yaks (D:8)
  4 water moccasins
  2 orc warriors
  A black bear (D:7)
  Duvessa (D:5)
  2 sky beasts (D:6)
  3 ogres
  2 centaurs
  3 bullfrogs
  A necrophage (D:4)
  3 scorpions
  4 wights (D:8)
  Dowan (D:5)
  5 killer bees (D:8)
  4 howler monkeys
  A crimson imp (D:7)
  2 jellies
  3 hounds
  2 orc wizards
  4 iguanas
  3 gnolls (D:5)
  10 adders
  A shadow imp (D:6)
  2 white imps
  2 worms
  3 dart slugs
  26 orcs
  6 ball pythons
  6 endoplasms
  3 giant cockroaches
  9 goblins
  11 hobgoblins
  4 jackals (D:1)
  4 quokkas
  7 bats
  3 frilled lizards
  12 kobolds
  6 rats
173 creatures vanquished.

Notes
Turn   | Place    | Note
-------+----------+-------------------------------------------
     0 | D:1      | gruber the Gargoyle Ice Elementalist began the quest for
                  | the Orb.
     0 | D:1      | Reached XP level 1. HP: 10/10 MP: 3/3
   186 | D:1      | Reached XP level 2. HP: 8/15 MP: 0/5
   412 | D:1      | Found a faded altar of an unknown god.
   527 | D:1      | Found Eshrugy's Weapon Boutique.
   720 | D:1      | Reached XP level 3. HP: 6/19 MP: 4/6
   724 | D:1      | Learned a level 3 spell: Frozen Ramparts
  1617 | D:2      | Reached XP level 4. HP: 24/24 MP: 8/8
  1630 | D:2      | Reached skill level 5 in Ice Magic
  2546 | D:3      | Reached skill level 1 in Armour
  2695 | D:3      | Noticed Grinder
  2742 | D:3      | Killed Grinder
  2743 | D:3      | Reached skill level 5 in Armour
  2743 | D:3      | Reached XP level 5. HP: 17/28 MP: 2/9
  2743 | D:3      | Reached XP level 6. HP: 20/32 MP: 2/10
  3473 | D:4      | Identified the ring of Pimeatae {Fly Will+}
  3528 | D:4      | Reached XP level 7. HP: 36/36 MP: 7/11
  3630 | D:4      | Reached skill level 6 in Ice Magic
  3891 | D:5      | Entered Level 5 of the Dungeon
  3940 | D:5      | Reached skill level 7 in Ice Magic
  4039 | D:5      | Reached XP level 8. HP: 40/41 MP: 8/12
  4368 | D:5      | Noticed Dowan
  4369 | D:5      | Noticed Duvessa
  4370 | D:5      | Reached skill level 8 in Ice Magic
  4380 | D:5      | Killed Dowan
  4381 | D:5      | Killed Duvessa
  4414 | D:5      | Found Toheod Lolu's Distillery.
  4428 | D:5      | Learned a level 3 spell: Ozocubu's Armour
  4433 | D:5      | Learned a level 4 spell: Hailstorm
  4514 | D:5      | Found a staircase to the Ecumenical Temple.
  4592 | Temple   | Entered the Ecumenical Temple
  4708 | Temple   | Became a worshipper of Vehumet
  4816 | D:5      | Found a shimmering blue altar of Sif Muna.
  4827 | D:5      | Got Sif Muna's Reference Book on Transmutation
  4832 | D:5      | Found a bloodstained altar of Trog.
  4838 | D:5      | Reached skill level 9 in Ice Magic
  5146 | D:6      | Reached skill level 10 in Ice Magic
  5286 | D:6      | Reached XP level 9. HP: 45/45 MP: 6/13
  5357 | D:6      | Noticed a two-headed ogre
  5366 | D:6      | Killed a two-headed ogre
  5367 | D:6      | Reached skill level 11 in Ice Magic
  5737 | D:6      | Reached skill level 1 in Shields
  6352 | D:7      | Found Zurch's Antique Armour Shop.
  6769 | D:7      | Found a white marble altar of Elyvilon.
  6819 | D:7      | Reached * piety under Vehumet
  6819 | D:7      | Offered knowledge of Shock by Vehumet.
  6878 | D:7      | Reached skill level 5 in Shields
  7250 | D:8      | Noticed Maurice
  7268 | D:8      | Killed Maurice
  7269 | D:8      | Reached XP level 10. HP: 50/50 MP: 8/14
  7324 | D:8      | Learned a level 4 spell: Summon Ice Beast
  7360 | D:8      | Reached skill level 1 in Summonings
  7636 | D:8      | Found a glowing silver altar of Zin.
  7672 | D:8      | Found a hazy altar of Hepliaklqana.
  7708 | D:8      | Found an opulent altar of Gozag.
  8369 | D:8      | Found a staircase to the Lair.
  8517 | D:9      | Noticed Erolcha
  8519 | D:9      | Noticed Erica
  8730 | D:9      | Found a basalt altar of Yredelemnul.
  8756 | D:9      | Reached skill level 1 in Fighting
  8768 | D:8      | Mangled by a shadow

Illustrated notes

Levels and vault maps discovered:
D:1:      wander_arrival_abandoned_jail, layout_basic,
          ebering_ecumenical_altar_rust, serial_shops, nicolae_lakefront_shop,
          minmay_misc_feat_cross
D:2:      layout_loops_cross
D:3:      corexii_shack_village, layout_basic, uniq_grinder
D:4:      layout_basic, moated_statue
D:5:      layout_rooms, nzn_overflow_gifts_of_might_and_magic,
          minmay_temple_entry_drinking_statues, nicolae_stop_n_shop_1,
          uniq_duvessa
D:6:      layout_basic
D:7:      layout_rooms, elyvilon_altar_4, serial_shops, shop, hex_tiny,
          minmay_fire_ice_demons
D:8:      layout_rooms, grunt_gozag_statues, mainiacjoe_overflow_catwalk_spiral,
          kennysheep_crisscross, nicolae_figureground_sparkle, uniq_maurice
D:9:      layout_loops_ring, mainiacjoe_overflow_small_starburst, uniq_erica,
          uniq_erolcha, uniq_psyche
Temple:   nicolae_temple_great_sept

Skill      XL: |  1  2  3  4  5  6  7  8  9 10 |
---------------+-------------------------------+-----
Ice Magic      | 5 7 10 11 | 11.4
Spellcasting   | 3 4 |  4.1
Armour         | 5 6 |  6.1
Shields        | 6 |  6.6
Summonings     | 4 |  4.1
Fighting       | 1 |  1.4
Dodging        | |  1.5
Stealth        | |  2.1

Action                   |  1- 3 |  4- 6 |  7- 9 | 10-12 || total
-------------------------+-------+-------+-------+-------++-------
Melee: Unarmed           |    10 |       |       |       ||    10
       Short sword       |    57 |   111 |       |       ||   168
       Punch             |     1 |     2 |     3 |       ||     6
       Spear             |       |    17 |   173 |    80 ||   270
Throw: Throwing net      |       |     1 |       |       ||     1
 Cast: Freeze            |    37 |       |     6 |       ||    43
       Frozen Ramparts   |       |     9 |    25 |     8 ||    42
       Ozocubu's Armour  |       |       |     9 |     9 ||    18
       Summon Ice Beast  |       |       |       |     5 ||     5
Evoke: Wand              |       |     1 |       |       ||     1
  Use: Potion            |       |     5 |       |       ||     5
 Stab: Sleeping          |     2 |     1 |       |       ||     3
       Distracted        |       |     1 |       |     1 ||     2
Armor: Robe              |    21 |    22 |       |       ||    43
       Ring mail         |       |    36 |    67 |    39 ||   142
Dodge: Dodged            |    86 |    82 |    99 |    38 ||   305
Block: Buckler           |       |       |    24 |    46 ||    70
       Reflection        |       |       |     1 |     5 ||     6

Table legend: (Time is in decaauts)
 A = Elapsed time spent in this place.
 B = Non-inter-level travel time spent in this place.
 C = Inter-level travel time spent in this place.
 D = Time resting spent in this place.
 E = Time spent auto-exploring this place.
 F = Levels seen in this place.
 G = Mean time per level.
                   A        B        C        D        E       F      G
               +--------+--------+--------+--------+--------+-----+--------+
         Total |   8816 |   8418 |    398 |    217 |   6645 |  10 |  881.6 |
       Dungeon |   8689 |   8302 |    387 |    217 |   6582 |   9 |  965.4 |
        Temple |    126 |    116 |     10 |      0 |     63 |   1 |  126.0 |
               +--------+--------+--------+--------+--------+-----+--------+

Top non-repeatable levels by time:
     D:8: 1462 daAuts
     D:1: 1345 daAuts
     D:6: 1286 daAuts
     D:3: 1048 daAuts
     D:5: 1029 daAuts
     D:2: 981 daAuts
     D:7: 904 daAuts
     D:4: 562 daAuts
  Temple: 126 daAuts
     D:9: 68 daAuts
